[Event "Italian-ch Teams-B 2022"]
[Site "Montesilvano"]
[Date "2022.04.19"]
[Round "1.3"]
[White "D'Amore, Carlo"]
[Black "Lanzani, Mario"]
[Result "1/2-1/2"]
[ECO "A07"]
[WhiteElo "2406"]
[BlackElo "2266"]
[Annotator "TA"]
[PlyCount "87"]
[EventDate "2022.04.19"]
[EventType "team-tourn"]
[EventCountry "ITA"]
[SourceTitle "playchess.com"]
[Source "ChessBase"]
[SourceQuality "1"]
[TimeControl "40/5400+30:1800+30"]

1. Nf3 d5 2. g3 c6 3. Bg2 Bg4 4. d3 Nd7 5. Nbd2 e6 6. h3 Bh5 7. e4 Bc5 8. O-O Ngf6 9. Qe1 O-O {[%emt 0:02:43] A07: Réti Opening: New York and Capablanca Systems.} 10. a3 a5 11. b3 {[%emt 0:00:03] [#]} Ne8 $146 {[%emt 0:03:47] Black has an edge.} ({Predecessor:} 11... e5 12. Bb2 Re8 13. Nh4 Nf8 14. Bf3 Bg6 15. Nxg6 hxg6 16. Bg2 dxe4 17. Nxe4 Bd4 18. c3 Bb6 19. Qe2 Nh5 20. Kh2 Bc7 {0-1 (20) Laketic,G (2462)-Sanchez,J (2472) Noale 2010}) 12. Bb2 Nc7 13. exd5 exd5 14. Qc1 Re8 15. Nd4 Ne6 16. N2f3 (16. Nxe6 {is interesting.} Rxe6 17. Nf3 Re8 18. Re1) 16... Bxf3 17. Nxf3 Be7 18. Qd2 Bf6 19. Bxf6 Qxf6 20. Rae1 Qb2 21. a4 Qa3 22. h4 Qb4 23. Qxb4 axb4 24. Bh3 Ndc5 25. Re3 h6 26. Rfe1 Kf8 ({Black should try} 26... g6 $14) 27. d4 $16 Ne4 28. Bf5 Rad8 29. Bxe4 dxe4 30. Rxe4 Rd5 31. R1e3 (31. Ne5 $16) 31... Red8 $14 32. Rd3 c5 33. dxc5 {[%emt 0:07:45] [#] And now Rxd5 would win.} (33. Kg2 $5 ) 33... Rxd3 {[%emt 0:00:46] The position is equal.} 34. cxd3 Rxd3 {[%emt 0:01:14][%mdl 4096] Endgame KRN-KRN} 35. Ne5 Rxb3 36. c6 bxc6 37. Nxc6 Nc5 38. Rd4 {[%emt 0:01:06][%cal Rd4d8] [#]} g6 39. Nxb4 Ra3 40. h5 Rxa4 41. hxg6 fxg6 42. Rd8+ Kg7 43. Nd3 Nxd3 44. Rxd3 {[%emt 0:00:05] Weighted Error Value: White=0.07 (flawless) /Black=0.07 (flawless)} 1/2-1/2

[Event "Italian-ch Teams-B 2022"]
[Site "Montesilvano"]
[Date "2022.04.19"]
[Round "1.3"]
[White "Quinn, Mark"]
[Black "Podetti, Davide"]
[Result "1-0"]
[ECO "E04"]
[WhiteElo "2365"]
[BlackElo "2231"]
[Annotator "TA"]
[PlyCount "111"]
[EventDate "2022.04.19"]
[EventType "team-tourn"]
[EventCountry "ITA"]
[SourceTitle "playchess.com"]
[Source "ChessBase"]
[SourceQuality "1"]
[TimeControl "40/5400+30:1800+30"]

1. d4 d5 2. Nf3 Nf6 3. c4 c6 4. g3 e6 5. Bg2 Nbd7 6. O-O dxc4 7. a4 b6 {[%emt 0:03:18] E04: Open Catalan: 5 Nf3.} 8. Nfd2 Ba6 9. Bxc6 Rc8 {[%emt 0:00:04] White is slightly better.} 10. Bg2 Nb8 11. Nf3 Nc6 12. Nc3 Bb4 {[%emt 0:08:55] [#]} 13. Bg5 $146 ({Predecessor:} 13. Re1 Na5 14. Rb1 Bb7 15. Bg5 h6 16. Bxf6 Qxf6 17. Ne5 h5 18. Bxb7 Nxb7 19. a5 {1-0 (38) Van Foreest,L (2563)-Murphy,C (2427) Cattolica 2022}) 13... Na5 14. Qc2 h6 15. Bxf6 Qxf6 16. Rad1 O-O 17. Ne5 {[%emt 0:01:50] next Nd7 is good for White.} Rfd8 {[%emt 0:05:25] Inhibits Nd7.} 18. f4 g6 {[%emt 0:01:07] Inhibits f5.} (18... Bd6 $14) 19. e3 $16 {[%emt 0:01:19] &Bianco is much more active.} Kg7 (19... Bd6 $16) 20. g4 $18 Rc7 $2 (20... Bd6 21. g5 Qe7) 21. f5 Qg5 22. Qf2 Bxc3 (22... gxf5 $142 23. h4 Qe7 24. gxf5 exf5 25. Qxf5 Qe6) 23. f6+ (23. bxc3 gxf5 24. Qg3 (24. gxf5 exf5 25. Kh1 Bc8 $18) (24. h4 Qf6 $16) 24... Kg8 25. gxf5 Qxg3 26. hxg3 exf5 $16) 23... Kh7 24. bxc3 h5 25. h4 Qh6 26. g5 Qf8 27. Bf3 Bb7 28. e4 Nc6 {[%emt 0:00:32] [#]} 29. Nxc6 ({Stronger than} 29. Nxc4 Ba6 30. Be2 Bxc4 31. Bxc4 Na5 $17) (29. Nxg6 $1 $18 Kxg6 (29... fxg6 30. Bxh5) 30. Qe2) 29... Bxc6 $14 30. Qe2 (30. Ra1 $16) 30... Qd6 (30... Bxa4 $11 31. Ra1 Bc6) 31. e5 $36 {[%emt 0:01:40][%mdl 2048] White is more active.} Bxf3 $2 32. Qxf3 $2 (32. exd6 $18 Bxe2 33. dxc7) 32... Qd5 $2 (32... Qd7 $1 $11 {and Black stays safe.}) 33. Qxd5 $18 Rxd5 {[%emt 0:00:02][%mdl 4096] Endgame KRR-KRR} 34. Rb1 {[%emt 0:00:11] Hoping for Rb5.} Kg8 $2 (34... Ra5 35. Rb4 Rc8) 35. Rb5 Kf8 36. Rfb1 Rxb5 $2 (36... Rd8 37. a5 bxa5 38. Rxa5 Ke8) 37. axb5 {[%emt 0:00:46][%cal Ba4b5,Bb5a6][%mdl 32] KR-KR} Ke8 38. Kf2 Kd7 39. Ke3 ({Less strong is} 39. Ra1 Kd8 40. Ke3 Ke8 $18) 39... a5 40. bxa6 Kc6 41. d5+ Kxd5 42. Rxb6 {[%emt 0:00:47] White threatens Rb7 and mate.} Ra7 43. Rb5+ (43. Kf4 $142 Ra8 44. Rd6+ Kc5 45. Rd7 Rxa6 46. Rxf7) 43... Kc6 44. Rb7 ({Not} 44. Ra5 Kb6 45. Ra4 Rxa6 46. Rxc4 Ra5 $14) 44... Rxa6 45. Rxf7 {[%emt 0:00:05] White wants to mate with Re7.} Kd5 46. Kf4 Ra1 47. Rd7+ Kc5 48. Rd2 Rb1 49. Rf2 (49. Kf3 $142 Rb3 50. Rd8 Rb1 51. Rd6 Rb8 52. Rxe6 Kd5 53. Re7 Rb1 54. Ke2) 49... Kd5 50. f7 Rb8 51. Rd2+ Kc5 52. Ke4 Rf8 53. Rf2 (53. Rd7 $142 Kb5 54. Re7) 53... Kb5 54. Rf6 Ka4 55. Rxe6 {[%emt 0:00:48] Intending Rf6 and mate.} Rxf7 56. Rb6 {[%emt 0:00:17] Weighted Error Value: White=0.50/Black=1.04} 1-0

[Event "Italian-ch Teams-B 2022"]
[Site "Montesilvano"]
[Date "2022.04.19"]
[Round "1.4"]
[White "Mazzilli, Piero"]
[Black "Bellia, Fabrizio"]
[Result "1/2-1/2"]
[ECO "D36"]
[WhiteElo "2296"]
[BlackElo "2427"]
[Annotator "TA"]
[PlyCount "141"]
[EventDate "2022.04.19"]
[EventType "team-tourn"]
[EventCountry "ITA"]
[SourceTitle "playchess.com"]
[Source "ChessBase"]
[SourceQuality "1"]
[TimeControl "40/5400+30:1800+30"]

1. d4 d5 2. c4 e6 3. Nc3 Be7 4. Nf3 Nf6 5. cxd5 exd5 6. Bg5 c6 7. Qc2 g6 8. e3 Bf5 9. Bd3 Bxd3 10. Qxd3 Nbd7 11. O-O O-O 12. Rfc1 Re8 {[%emt 0:03:50] [#] D36: Queen's Gambit Declined: Exchange Variation: Main line (5 Bg5 c6 6 Qc2).} 13. Qd1 $146 ({Predecessor:} 13. Nd2 Bd6 14. h3 Kg7 15. Ne2 h6 {½-½ (15) Berg,K (2417)-Miton,K (2629) Skanderborg 2010}) 13... Ne4 14. Bxe7 Qxe7 15. Rab1 a5 16. a3 Nd6 17. Nd2 Nf6 18. Qe2 a4 19. Re1 b5 20. f3 Qa7 21. Qf2 Rad8 22. Rbd1 h5 23. h3 Nf5 24. g4 Nd6 25. e4 {[%emt 0:00:33] aiming for e5.} hxg4 26. hxg4 dxe4 27. Ndxe4 Ndxe4 28. Nxe4 Nd5 (28... Nxe4 $15 29. fxe4 Qe7) 29. Qg3 (29. g5 $5 ) 29... Kg7 30. g5 (30. Kf2 $11 {remains equal.}) 30... Qd7 (30... Qc7 $1 $17 {[%cal Oe8e4] White must now prevent ...Rxe4!} 31. Kf2 Rh8 32. Qxc7 Nxc7) 31. Re2 Qc7 32. Qxc7 Nxc7 33. Kf2 (33. Rc2 $11 {keeps the balance.}) 33... Rh8 $17 34. Kg3 Ne6 35. Red2 Rd5 36. f4 Rhd8 37. Nf6 {[%emt 0:01:00] [#]} Rxd4 (37... Nxg5 $1 $19 38. Nxd5 (38. fxg5 $2 Rxg5+ 39. Kf2 Kxf6 $19) 38... Ne4+ 39. Kf3 Nxd2+ 40. Rxd2 Rxd5) 38. Rxd4 Rxd4 ({Better is} 38... Nxd4 $17 39. Kf2 Kf8) 39. Rxd4 $11 Nxd4 $19 {[%emt 0:00:06][%mdl 4096] Endgame KN-KN} 40. Nd7 $1 Nb3 41. Kf2 Na5 42. Ne5 (42. Ke3 $1 $11 {and White is okay.}) 42... f6 43. gxf6+ Kxf6 44. Kf3 Kf5 45. Nd3 Nb3 46. Ke3 c5 {[%emt 0:00:26][%cal Bc6c5,Bc5c4][%mdl 32] Prevents Nb4.} 47. Nf2 Na5 48. Nd3 (48. Kf3 $142 Ke6 49. Ke4) 48... Nb7 49. Kf3 c4 50. Nb4 {[%emt 0:01:07] [#]} Nd6 $2 (50... Ke6 $1 $19 {...Nc5 is the strong threat.} 51. Na2 Kd5 52. Nc3+ Kd4) 51. Nd5 {[%emt 0:00:08] The position is equal.} Ke6 52. Nc3 Kd7 {[%emt 0:00:09] And now ...Kc6 would win.} 53. Kg4 $1 Ke6 54. Kg5 Kf7 55. Kg4 Kf6 56. Nd5+ Kg7 57. Nc3 Kh6 58. Kh4 Nf5+ 59. Kg4 Nd4 60. Kh4 Kg7 61. Kg5 Kf7 62. Ne4 Nf3+ 63. Kg4 Ne1 64. Nd6+ Kf6 65. Nxb5 Nd3 66. Nc3 Nxb2 67. Ne4+ Ke6 68. Nc3 Kf6 69. Ne4+ Ke6 {[%emt 0:00:29] Strongly threatening ...Kd5.} 70. Nc3 Kf6 71. Ne4+ {[%emt 0:05:38] And White is the lucky defender.  Weighted Error Value: White=0.26 (precise) /Black=0.25 (precise)} 1/2-1/2

[Event "Italian-ch Teams-B 2022"]
[Site "Montesilvano"]
[Date "2022.04.19"]
[Round "1.4"]
[White "Botta, Massimiliano"]
[Black "Socko, Monika"]
[Result "1-0"]
[ECO "C12"]
[WhiteElo "2217"]
[BlackElo "2393"]
[Annotator "TA"]
[PlyCount "159"]
[EventDate "2022.04.19"]
[EventType "team-tourn"]
[EventCountry "ITA"]
[SourceTitle "playchess.com"]
[Source "ChessBase"]
[SourceQuality "1"]
[TimeControl "40/5400+30:1800+30"]

1. e4 e6 2. d4 d5 3. Nc3 Nf6 4. Bg5 Bb4 5. e5 h6 6. Bc1 Ne4 7. Qg4 {[%emt 0:00:33] C12: French: Classical System: McCutcheon Variation.} g6 {[%emt 0:00:25] 7...g6 scores better than 7...Kf8.} (7... Nxc3 8. Qxg7 Kd7 9. Bd2 $16) (7... Kf8 $5 ) 8. a3 Ba5 9. Nge2 {[%emt 0:15:25] White is slightly better.} c5 {[%emt 0:07:22] Prevents b4.} 10. b4 (10. dxc5 $5 Qc7 11. Qf4 Bxc3+ 12. Nxc3 $11) 10... Nxc3 11. Nxc3 cxb4 12. Nb5 {[%emt 0:01:00] [#]} (12. Bb5+ Bd7 13. axb4 Bxb4 $17) 12... Nc6 $146 (12... b3+ $11 13. c3 a6 14. Nd6+ Qxd6 $1 15. exd6 Bxc3+ 16. Bd2 Bxa1) ({Predecessor:} 12... b3+ 13. c3 Bc7 14. Qd1 Bd7 15. a4 Bxb5 16. Bxb5+ Nd7 17. Ba3 a6 18. Bd3 Ba5 {0-1 (41) Aveskulov,V (2544)-Bartel,M (2602) Beijing 2008}) 13. Bd3 Ne7 ({Black should try} 13... b3+ $14 14. Kf1 Bc7) 14. axb4 $18 Bc7 {[%emt 0:04:00] Against Nd6+} 15. Rxa7 Rxa7 16. Nxa7 Bd7 17. Nb5 {[%emt 0:00:27][%cal Ba7b5,Bb5a3,Ba3c2,Bc2e1,Be1f3,Bf3h4][%mdl 32] 0x0.00299f40aea5dp-1022s more active pieces.} Nf5 18. O-O Kf8 (18... O-O $142 19. c3 Bxb5 20. Bxb5 h5) 19. c3 Kg7 20. Bd2 Bb8 21. Na3 f6 22. f4 h5 23. Qf3 Nh6 24. Nc2 Rf8 25. Qg3 f5 (25... Qe8 {might work better.} 26. Ra1 Bb5) 26. Ra1 Nf7 27. Ne1 Bc7 28. Nf3 Qe8 29. Nh4 Nh8 30. Be2 Kh7 31. Qd3 {[%emt 0:00:08] Prevents Bb5.} Bb6 32. Nf3 Nf7 33. Be1 Qc8 34. Bh4 Bd8 35. Bxd8 Qxd8 36. h3 Kg7 (36... g5 $142 37. fxg5 Nxg5) 37. Qd2 Qb6 38. Ra5 Rc8 39. Bd3 Qd8 40. Kh2 Qb6 41. Qb2 Qd8 42. Qa3 g5 43. g3 h4 44. Qc1 hxg3+ 45. Kxg3 gxf4+ 46. Kxf4 Qh8 {[%emt 0:08:37] ...Qh6+ is the strong threat.} 47. Kg3 Qh5 48. Ra2 (48. Kf2 Qxh3 49. Ra7 Nh6 50. Qg5+ (50. Rxb7 Ng4+ 51. Ke2 Qg2+ 52. Kd1 Qxf3+ $19) 50... Kf8 51. Qf6+ (51. Rxb7 $2 Ng4+ 52. Ke1 Qxf3 $19) 51... Ke8 52. Qh8+ Ke7 53. Qg7+ Kd8 $11) (48. Ra7 $18) 48... Rh8 (48... Rg8 $1 $14) 49. Rh2 ({Much less strong is} 49. Kf2 $6 Qxh3 50. Qg1+ Qg4 $14) ({White should play} 49. Rg2 $18) 49... Kf8 50. Qf4 Ba4 51. Rh1 ({Don't do} 51. Kf2 Bd1 $14) 51... Rg8+ 52. Kf2 Ng5 53. Nxg5 Rxg5 54. Be2 {[%emt 0:00:00] Dancing on a razor blade.} Qh6 {[%emt 0:00:00][%cal Og5g2] Hoping for ...Rg2+!} 55. Bf3 {[%emt 0:00:00] Prevents Rg2+.} (55. Rf1 $18) 55... Rg2+ $2 56. Ke3 $1 Qxf4+ 57. Kxf4 {[%emt 0:00:00][%mdl 4096] Endgame KRB-KRB} Rc2 58. h4 Rxc3 59. h5 Kg7 $2 (59... Be8) 60. Rg1+ Kh7 (60... Kh8 $142 61. Rg6 Rd3 62. Rxe6 Rxd4+ 63. Kg5 (63. Kxf5 Bd7 $11) 63... Rd3) 61. Rg6 Bd7 62. Rf6 {[%emt 0:00:08] Black must now prevent Rf7+.} Bc8 63. Be2 Rc2 64. Bd3 Rf2+ $2 (64... Rg2 65. Rf7+ Kh6) 65. Ke3 Rg2 {[%emt 0:00:00] [#]} 66. Be2 $1 Kg8 67. Bf3 Rg1 68. Kf4 Bd7 69. Ke3 $2 (69. h6 $18) 69... Rg7 $2 (69... Bc8 $1 $11 {and Black stays safe.}) 70. h6 Re7 $2 (70... Rg3 71. Kf4 Rg1) 71. Kf4 Ba4 72. Kg5 Be8 73. Be2 Kh7 74. Rf8 {[%emt 0:00:16] White threatens Kf6 and mate.} Bg6 75. Kf6 Rc7 76. Kxe6 Kxh6 77. Kf6 {[%emt 0:00:26] Threatening mate with e6.} f4 78. e6 Rc1 79. Rh8+ Bh7 80. Bd3 {[%emt 0:00:01] Weighted Error Value: White=0.19 (very precise) /Black=0.29 (precise)} 1-0

[Event "Italian-ch Teams-B 2022"]
[Site "Montesilvano"]
[Date "2022.04.19"]
[Round "1.4"]
[White "Bolognese, Leonardo"]
[Black "Simoli, Sergio"]
[Result "0-1"]
[ECO "A43"]
[WhiteElo "1998"]
[BlackElo "2262"]
[Annotator "TA"]
[PlyCount "68"]
[EventDate "2022.04.19"]
[EventType "team-tourn"]
[EventCountry "ITA"]
[SourceTitle "playchess.com"]
[Source "ChessBase"]
[SourceQuality "1"]
[TimeControl "40/5400+30:1800+30"]

1. d4 c5 2. d5 e6 3. c4 b5 4. Qc2 Nf6 5. e4 bxc4 $1 6. Bxc4 {[%emt 0:03:31] A43: Schmid Benoni.} exd5 7. exd5 Be7 8. Ne2 {[%emt 0:04:07][%cal Bg1e2,Be2g3,Bg3f5][%mdl 32] The position is equal.} O-O 9. O-O d6 10. Nbc3 Nbd7 11. Ng3 Re8 {[%emt 0:11:42] [#]} (11... Nb6 $5 12. b3 Rb8 $11) 12. Nf5 $146 ({Predecessor:} 12. Bb5 a6 13. Bc6 Rb8 14. Re1 Bb7 15. Bxb7 Rxb7 16. Nf5 Nb6 17. Rd1 Bf8 18. Bg5 {1-0 (34) Carstens Dobuchak,T (2184)-Santos,R (2113) Tornelo INT 2020}) 12... Bf8 13. Bf4 (13. Bb5 $14) 13... Ne5 (13... Nb6 {keeps more tension.} 14. Bb5 Nbxd5 15. Nxd5 Nxd5 16. Bxe8 Nxf4 17. Qe4 Bxf5 18. Qxf4 Be6) 14. b3 (14. Be2 $11 {keeps the balance.}) 14... Rb8 (14... Nxc4 $17 15. bxc4 Qd7) 15. Rfe1 (15. Be2 $11 {remains equal.}) 15... Nxc4 $17 {[%emt 0:05:12] Black keeps a firm grip on the game.} 16. Rxe8 ({White should try} 16. bxc4 Rxe1+ 17. Rxe1) 16... Nxe8 17. bxc4 {[%emt 0:00:11] [#]} Qf6 $1 18. g4 Bxf5 19. gxf5 Qd4 20. Qd2 Qxc4 21. Rc1 (21. Re1 {was necessary.}) 21... Nf6 {[%emt 0:00:00] Hoping for ...Rb4.} 22. Bg3 (22. f3 {might work better.}) 22... h5 {[%emt 0:00:00] [#] Threatens to win with ...h4.} 23. Qf4 {[%emt 0:03:39] Prevents h4.} (23. h3) 23... Rb4 $19 24. Qxc4 Rxc4 25. Ne2 Rxc1+ 26. Nxc1 Nxd5 {[%emt 0:00:00][%mdl 4096] Endgame KBN-KBN} 27. Kf1 Be7 28. h3 Kf8 {[%emt 0:00:00] Black is clearly winning.} 29. Ke2 Ke8 30. Kd3 Kd7 31. Kc4 Kc6 32. Ne2 Bf6 33. Bh2 h4 34. Ng1 Ne7 {[%emt 0:08:00] Weighted Error Value: White=0.42/Black=0.10 (very precise)} 0-1

[Event "Italian-ch Teams-B 2022"]
[Site "Montesilvano"]
[Date "2022.04.19"]
[Round "1.4"]
[White "Budyi, Danylo"]
[Black "Zamengo, Fulvio"]
[Result "1/2-1/2"]
[ECO "C01"]
[WhiteElo "1910"]
[BlackElo "2404"]
[Annotator "TA"]
[PlyCount "71"]
[EventDate "2022.04.19"]
[EventType "team-tourn"]
[EventCountry "ITA"]
[SourceTitle "playchess.com"]
[Source "ChessBase"]
[SourceQuality "1"]
[TimeControl "40/5400+30:1800+30"]

1. d4 b6 2. e4 e6 3. Be3 Bb7 4. Nd2 d5 {[%emt 0:02:47] [#]} 5. exd5 $146 ({Predecessor:} 5. e5 Nd7 6. Be2 c5 7. c3 Ne7 8. f4 Nc6 9. Ngf3 Be7 10. O-O f6 11. Qe1 cxd4 12. cxd4 {0-1 (44) Perme,M (1201)-Ursic,J (1925) Komenda 2018}) 5... exd5 6. Ngf3 {[%emt 0:01:19] C01: French: Exchange Variation.} Nf6 7. Bd3 Bd6 8. Ne5 {[%emt 0:13:27] The position is equal.} O-O 9. f4 c5 10. c3 Nc6 11. O-O cxd4 12. cxd4 Nb4 13. Bb1 Rc8 14. a3 Nc6 15. Rf3 (15. Re1 $11 {is more appropriate.}) 15... Ne7 16. Rh3 {[%emt 0:03:53][%cal Ob1h7] Strongly threatening Bxh7+!} Ng6 17. Ndf3 Re8 $2 {[%emt 0:02:42] White stays focused until the end.} (17... Rc7 $11) 18. Ng5 $1 $18 Rc7 (18... Qe7 19. Bf5 (19. Ngxf7 Nxe5 20. Nxe5 g6 $18) 19... Rc4) 19. Ngxf7 (19. Nexf7 $142 Rxf7 20. Bxg6 hxg6 21. Rh8+ $3 Kxh8 22. Nxf7+ Kh7 23. Nxd8 Rxd8 24. f5) 19... Rxf7 20. Bxg6 {[%emt 0:00:09][%mdl 64] Pin} Rc7 (20... hxg6 $2 {[#]} 21. Rh8+ $3 Kxh8 22. Nxf7+ Kh7 23. Nxd8 $18) 21. Bxe8 Qxe8 22. Rf3 Bc8 23. f5 Re7 24. Rc1 Bd7 25. Bg5 Bxe5 26. dxe5 Rxe5 27. Bxf6 gxf6 28. Rg3+ Kh8 29. Qg4 Qf8 {[%emt 0:00:11] Prevents Qg7+.} 30. Rf1 Re4 (30... Bb5 $142) 31. Qd1 Qc5+ 32. Kh1 Ba4 33. Qc1 d4 $2 (33... Bb5) 34. Qh6 {[%emt 0:00:28][%cal Rh6f6] White is clearly winning.} Qe7 35. h4 d3 36. Rxd3 {[%emt 0:00:38][%mdl 32768] Weighted Error Value: White=0.20 (precise) /Black=0.52. An unexpected result.} 1/2-1/2

[Event "Italian-ch Teams-B 2022"]
[Site "Montesilvano"]
[Date "2022.04.20"]
[Round "2.1"]
[White "Fier, Alexandr"]
[Black "Caprio, Guido"]
[Result "1/2-1/2"]
[ECO "C54"]
[WhiteElo "2583"]
[BlackElo "2426"]
[Annotator "TA"]
[PlyCount "74"]
[EventDate "2022.04.19"]
[EventType "team-tourn"]
[EventCountry "ITA"]
[SourceTitle "playchess.com"]
[Source "ChessBase"]
[SourceQuality "1"]
[TimeControl "40/5400+30:1800+30"]

1. e4 e5 2. Nf3 Nc6 3. Bc4 Bc5 4. c3 Nf6 5. d3 d6 6. Bg5 Bb6 {[%emt 0:04:09] C54: Giuoco Piano: 4 c3 Nf6, main lines with 5 d4 and 5 d3.} 7. Nbd2 O-O 8. O-O Bg4 {[%emt 0:29:54] The position is equal.} 9. h3 Bd7 {[%emt 0:00:31] [#]} 10. a4 $146 ({Predecessor:} 10. b4 h6 11. Bh4 a6 12. a4 Qe7 13. Qe2 Nd8 14. a5 Ba7 15. Nh2 Ne6 16. Rfe1 {0-1 (74) Doudera,L (2235)-Hurka,J (1800) Czech email 2003}) 10... h6 11. Bh4 Kh8 12. Kh1 Qe7 13. Bd5 a6 14. Nc4 Ba7 15. d4 $1 exd4 16. cxd4 {[%emt 0:07:02] e5 is the strong threat.} g5 {[%emt 0:00:23] [#]} 17. Nxg5 hxg5 18. Bxg5 Nxd4 (18... Rg8 $16 19. f4 Rg7) 19. f4 $1 $18 Rg8 20. Bh4 (20. e5 $1 $18 Rxg5 21. exf6 Qxf6 22. fxg5 Qxg5 23. Bxb7) 20... Rg6 {[%emt 0:03:19] And now ...Rh6 would win.} 21. Bxb7 (21. e5 $1 $15 Nxd5 22. Bxe7 Nxe7 23. Kh2) 21... Rb8 $2 (21... Rag8 $1 $17 22. e5 Bxh3 23. gxh3 (23. Bxf6+ $2 Qxf6 24. Qh5+ Rh6 $19) 23... Rh6 $1) 22. e5 $1 $11 Rxb7 23. Bxf6+ Rxf6 24. Qh5+ Kg7 25. Qg5+ {[%emt 0:00:05][%mdl 64] Pin, Double Attack} Rg6 $1 26. Qxe7 {[%emt 0:00:05] Chess con chili.} Bc6 27. Ne3 (27. exd6 $2 cxd6 28. Qg5 Rxg5 29. fxg5 Bd5 $19) 27... Rb3 28. Ra3 $1 {[%emt 0:23:54] Black must now prevent Rxb3.} (28. Qxc7 Bxg2+ $1 29. Kh2 Rxe3) ({But not} 28. exd6 Rxg2 29. Qe5+ (29. Nxg2 $2 {leads to mate.} Rxh3+ 30. Kg1 Nf3#) (29. dxc7 Rg6+ 30. Kh2 Rxb2+) 29... f6 30. Qe7+ Kg6 $15) (28. Rfe1 $2 Bxg2+ $1 29. Kg1 Be4+ 30. Qg5 Nf3+ 31. Kf1 Nxg5 $19) 28... Rxe3 $40 {[%emt 0:00:17][%mdl 128] Black is up to no good.} 29. Qf6+ Rxf6 $17 30. exf6+ Kxf6 31. Rxe3 Bxa4 32. Ra3 Bb5 33. Rfa1 (33. Rc1 $17 {was called for.}) 33... Ne2 34. Rxa6 (34. b4 $17 {was worth a try.}) 34... Bxa6 $19 35. Rxa6 Ng3+ ({Better is} 35... Be3 $19 36. Rc6 Bb6) 36. Kh2 $17 Nf1+ 37. Kh1 {[%emt 0:00:02] [#]} Ng3+ {[%emt 0:14:53] What a bad dream for Black.  Weighted Error Value: White=0.26 (precise) /Black=0.24 (precise)} (37... Be3 $1 $17 38. Ra4 d5) 1/2-1/2

[Event "Italian-ch Teams-B 2022"]
[Site "Montesilvano"]
[Date "2022.04.20"]
[Round "2.1"]
[White "Drasko, Milan"]
[Black "Vocaturo, Daniele"]
[Result "1/2-1/2"]
[ECO "A30"]
[WhiteElo "2398"]
[BlackElo "2614"]
[Annotator "TA"]
[PlyCount "49"]
[EventDate "2022.04.19"]
[EventType "team-tourn"]
[EventCountry "ITA"]
[SourceTitle "playchess.com"]
[Source "ChessBase"]
[SourceQuality "1"]
[TimeControl "40/5400+30:1800+30"]

1. Nf3 d5 2. g3 Nf6 3. Bg2 c5 4. O-O Nc6 5. c4 d4 6. e3 {[%emt 0:00:30] A30: Symmetrical English: Double Fianchetto and Hedgehog.} e5 7. exd4 cxd4 {[%emt 0:00:22] was the old line (7...exd4).} 8. d3 Nd7 9. b3 Be7 10. Ba3 O-O 11. Ne1 {[%emt 0:05:05] [#]} a5 $146 ({Predecessor:} 11... Re8 12. Bxe7 Qxe7 13. a3 a5 14. Nd2 Nc5 15. Ne4 Ne6 16. Nd2 f5 17. Bd5 Kh8 {1-0 (40) Bischoff,K (2545)-Khenkin,I (2644) Saarbruecken 2009}) 12. Qe2 Re8 13. Bxe7 $1 Qxe7 14. Nd2 {[%emt 0:00:37] The position is equal.} Nc5 15. f4 exf4 16. Qxe7 Rxe7 17. Rxf4 Bd7 18. Ne4 b6 19. Rd1 Rd8 20. Nc2 Ne5 21. Nxd4 Ncxd3 22. Nf5 Ree8 23. Rff1 Bc6 24. Nc3 Bxg2 25. Kxg2 {[%emt 0:06:21] An even fight not without its subleties.  Weighted Error Value: White=0.03 (flawless) /Black=0.05 (flawless)} 1/2-1/2

[Event "Italian-ch Teams-B 2022"]
[Site "Montesilvano"]
[Date "2022.04.20"]
[Round "2.1"]
[White "Lazic, Miroljub"]
[Black "Moroni, Luca Jr"]
[Result "1/2-1/2"]
[ECO "D76"]
[WhiteElo "2322"]
[BlackElo "2588"]
[Annotator "TA"]
[PlyCount "71"]
[EventDate "2022.04.19"]
[EventType "team-tourn"]
[EventCountry "ITA"]
[SourceTitle "playchess.com"]
[Source "ChessBase"]
[SourceQuality "1"]
[TimeControl "40/5400+30:1800+30"]

1. Nf3 d5 2. g3 g6 3. Bg2 Bg7 4. O-O Nf6 5. c4 O-O 6. cxd5 Nxd5 7. Nc3 Nc6 8. d4 Nb6 9. d5 Na5 10. e4 c6 11. Qe2 {[%emt 0:09:55] 11.h3 is the recent fashion. D76: Fianchetto Grünfeld: Main Line with 7...Nb6.} cxd5 12. Nxd5 Nxd5 13. exd5 Qxd5 14. Qxe7 Nc6 15. Qh4 {[%emt 0:01:37] [#] Strongly threatening Ng5.} h5 $146 (15... Qb5 $5 ) ({Predecessor:} 15... Qh5 16. Qxh5 gxh5 17. Nh4 Re8 18. Bg5 a5 19. Rae1 Bg4 20. Rxe8+ Rxe8 21. h3 Be6 {½-½ (63) Vijayalakshmi,S (2414)-Sasikiran,K (2658) Mumbai 2003}) 16. Ng5 Qf5 17. h3 Re8 18. Ne4 $36 {[%emt 0:05:44][%mdl 2048] Inhibits Bf6. Nd6 is the strong threat. White is pushing.} Be6 (18... Re5 $14) 19. Nd6 $16 Qc2 20. Nxe8 Rxe8 21. Bg5 Qxb2 22. Rab1 ({White should try} 22. Rad1 $14) 22... Qxa2 $11 23. Rxb7 Bd5 {[%emt 0:01:32] [#]} (23... Nd4 $1 $11) 24. Rd7 $1 $16 Bxg2 25. Kxg2 {[%emt 0:00:06] Black must now prevent Rc1.} Qb3 (25... Re2 $16 {was worth a try.}) 26. Rfd1 Ne5 (26... Kh7 $142) 27. Qe4 $18 a5 28. Rd8 Rxd8 29. Rxd8+ Kh7 30. Qd5 Nc4 $2 (30... a4 31. Bf4 Qxd5+ 32. Rxd5 Nc4) 31. Kh2 $2 ({Don't blunder} 31. Qxf7 $2 {[#]} Ne3+ $1 32. Bxe3 Qxf7 $19) (31. Rd7) 31... a4 32. Qxf7 $2 ({Better is} 32. Kg1 $18) 32... Ne5 $11 {[%emt 0:00:01] The position is equal.} 33. Qxb3 axb3 34. Rb8 Nf3+ 35. Kg2 Nxg5 36. Rxb3 {[%emt 0:01:49] Weighted Error Value: White=0.42/Black=0.26 (precise)} 1/2-1/2